Map: [TLMC19] Twilight Imperium

Players

LiquidMaNa (MaNa)

  • Race: Protoss Protoss
  • League: Master
  • Spawn Location: 11:00

Dark - Winner!

  • Race: Zerg Zerg
  • Spawn Location: 1:00

VOD

Have the link to the VOD?

Description

Time

  • Played on: Dec. 22, 2023, 7:21 a.m.
  • Length: 10:25
Show
View Real Time Build Order
Export as new Build Order

LiquidMaNa Protoss 

Build Orders:  

Get SALT Encoding   

  12  0:00  Probe  
  13  0:12  Probe  
  14  0:19  Pylon  
  14  0:24  Probe  
  15  0:29  Assimilator  
  15  0:38  Probe (Chrono Boost)  
  16  0:45  Gateway  
  16  0:47  Probe (Chrono Boost)  
  17  0:52  Probe (Chrono Boost)  
  17  0:53  Assimilator  
  18  1:04  Probe  
  18  1:10  Forge  
  19  1:16  Probe  
  20  1:26  Pylon  
  21  1:32  Probe  
  21  1:44  Photon Cannon  
  21  1:47  Probe  
  21  1:51  Cybernetics Core  
  23  2:05  Photon Cannon  
  23  2:06  Photon Cannon  
  22  2:11  Probe  
  23  2:20  Assimilator  
  23  2:23  Probe  
  24  2:32  Adept (Chrono Boost)  
  26  2:37  Probe  
  26  2:40  Stargate  
  26  2:49  Probe  
  27  2:53  Pylon  
  27  3:01  Shield Battery, Probe  
  27  3:13  Probe  
  28  3:27  Pylon, Void Ray (Chrono Boost)  
  32  3:30  Probe  
  33  3:39  Shield Battery  
  33  4:00  Void Ray (Chrono Boost)  
  37  4:07  Shield Battery  
  37  4:09  Shield Battery  
  37  4:22  Stargate  
  34  4:47  Pylon  
  34  4:58  Pylon  
  34  5:01  Nexus  
  34  5:03  Pylon  
  34  5:16  Probe  
  35  5:24  Void Ray (Chrono Boost)  
  35  5:28  Probe  
  40  5:33  Warp Gate  
  40  5:40  Probe  
  44  5:53  Probe, Void Ray  
  45  6:05  Phoenix  
  45  6:06  Pylon  
  45  6:10  Pylon  
  47  6:13  Probe x2  
  49  6:22  Pylon  
  49  6:28  Probe  
  49  6:30  Probe  
  51  6:35  Adept  
  53  6:40  Phoenix (Chrono Boost)  
  53  6:43  Probe  
  56  6:50  Probe  
  56  6:52  Phoenix (Chrono Boost)  
  59  6:55  Probe  
  60  7:05  Probe  
  60  7:07  Probe  
  60  7:17  Probe  
  60  7:19  Probe  
  60  7:22  Zealot  
  64  7:24  Pylon x2  
  64  7:27  Pylon  
  64  7:29  Probe  
  65  7:31  Probe  
  65  7:32  Cybernetics Core  
  65  7:34  Pylon  
  66  7:38  Phoenix x2  
  66  7:41  Probe  
  66  7:43  Probe  
  72  7:54  Zealot, Nexus  
  74  8:06  Pylon, Phoenix, Probe x2  
  76  8:13  Pylon  
  76  8:15  Zealot  
  76  8:18  Probe  
  79  8:21  Probe  
  79  8:25  Phoenix  
  78  8:39  Probe x2  
  70  8:46  Robotics Facility  
  70  8:48  Gateway  
  70  8:52  Gateway  
  72  9:00  Void Ray  
  72  9:02  Void Ray  
  76  9:03  Probe x2  
  77  9:17  Assimilator  
  77  9:19  Probe x2  
  77  9:21  Assimilator  
  79  9:26  Probe  
  80  9:31  Probe x2  
  80  9:32  Shield Battery  
  80  9:33  Forge  
  80  9:36  Gateway  
  82  9:46  Robotics Bay  
  82  9:50  Pylon  
  82  9:53  Shield Battery  
  82  9:54  Shield Battery  
  82  10:01  Robotics Facility  
  82  10:06  Photon Cannon  
  82  10:07  Photon Cannon  
Show
View Real Time Build Order
Export as new Build Order

Dark Zerg - Winner!

Build Orders: Hatch First 

Get SALT Encoding   

  12  0:00  Drone  
  13  0:12  Overlord  
  13  0:17  Drone  
  14  0:31  Drone x2  
  16  0:52  Drone  
  16  0:53  Hatchery  
  16  0:55  Drone  
  17  0:58  Drone  
  18  1:09  Extractor  
  17  1:15  Spawning Pool  
  17  1:17  Drone  
  17  1:20  Drone  
  18  1:28  Drone  
  19  1:43  Overlord  
  19  2:03  Zergling x2  
  19  2:04  Zergling x2  
  19  2:07  Queen x2  
  25  2:09  Zergling x2  
  25  2:14  Roach Warren  
  25  2:17  Metabolic Boost  
  25  2:34  Overlord  
  25  2:41  Overlord  
  25  2:54  Roach x4  
  33  3:00  Roach  
  35  3:09  Zergling x2  
  35  3:20  Zergling x4  
  35  3:22  Zergling x4  
  37  3:28  Ravager  
  37  3:30  Zergling x2  
  39  3:35  Queen  
  39  3:40  Zergling x2  
  42  3:57  Spore Crawler  
  42  3:58  Zergling x2  
  42  3:59  Ravager  
  39  4:21  Zergling x4  
  39  4:23  Zergling x2  
  40  4:30  Queen  
  37  4:39  Hatchery  
  37  4:45  Drone x2  
  33  4:57  Drone  
  32  5:01  Drone x3  
  32  5:05  Queen  
  36  5:13  Drone  
  37  5:20  Drone  
  38  5:31  Hatchery  
  38  5:32  Drone  
  37  5:40  Overlord  
  37  5:45  Overlord  
  37  5:48  Overlord  
  37  5:59  Queen  
  37  6:01  Queen  
  41  6:04  Drone  
  41  6:07  Drone  
  41  6:08  Drone  
  44  6:11  Drone  
  44  6:14  Drone  
  44  6:15  Drone  
  47  6:21  Drone x2  
  47  6:22  Drone  
  50  6:28  Drone x3  
  53  6:36  Lair  
  53  6:39  Queen  
  53  6:42  Drone  
  53  6:44  Drone  
  53  6:46  Drone  
  58  6:48  Drone  
  58  6:52  Queen  
  61  6:54  Drone  
  61  6:57  Spore Crawler  
  61  7:01  Spore Crawler  
  60  7:09  Drone x3  
  61  7:16  Queen  
  61  7:18  Spore Crawler, Drone x3  
  61  7:22  Drone  
  65  7:33  Extractor x2, Queen  
  65  7:36  Hydralisk Den, Drone  
  65  7:37  Drone x2  
  66  7:42  Spore Crawler  
  65  7:44  Drone  
  65  7:45  Overlord  
  65  7:47  Overlord  
  65  7:50  Overlord  
  66  7:59  Overlord  
  66  8:01  Overlord  
  66  8:03  Queen x2  
  70  8:07  Overlord  
  70  8:11  Overlord  
  70  8:12  Queen  
  70  8:16  Grooved Spines  
  70  8:17  Hydralisk  
  70  8:18  Hydralisk  
  76  8:22  Hydralisk  
  76  8:25  Hydralisk  
  78  8:31  Hydralisk x2  
  82  8:42  Hydralisk x3  
  88  8:53  Drone x8  
  96  9:03  Nydus Network  
  96  9:08  Hydralisk  
  94  9:10  Drone x5  
  99  9:17  Extractor  
  99  9:18  Extractor  
  99  9:19  Drone x4  
  99  9:21  Extractor, Hydralisk  
  99  9:23  Hydralisk  
  104  9:26  Hydralisk  
  106  9:34  Hydralisk  
  106  9:37  Overlord x2  
  108  9:39  Hydralisk  
  110  9:47  Overlord  
  110  9:48  Overlord  
  110  9:50  Nydus Canal  
  110  9:52  Overlord  
  110  9:55  Hydralisk x2  
  114  10:00  Hydralisk  
Tags
 
Add a new tag
Caveats
  • Supply blocks, unpowered buildings, or Contaminate may cause inaccurate times.
  • Supply counts are checked every 10 seconds.